cohdb
Replays
Latest Replays
All Replays
Popular Replays
Top Player Replays
Match Explorer
How It Works
Community
CoH3 Stats
Reddit
Sign in to upload your games and track your stats! →
Sign in with Steam
Match 46212948
Unlisted
Match 46212948
Overview
Messages
Build Orders
End
Construct Infanterie Kompanie
Kettenkrad Recon Vehicle
Grenadier Squad
Grenadier Squad
Grenadier Squad
Construct Luftwaffe Kompanie
221 Scout Car
Pioneer Squad
Flak 30 Anti-aircraft Gun Team
Flak 30 Anti-aircraft Gun Team
Support Elements
Wirbelwind Flakpanzer
Jäger Squad
Medical Station
Selects Breakthrough Battlegroup
Selects 2.5-tonne Cargo Truck
Selects Blitzkrieg
12azzmatazz
Scramble
Basecoh3 @ Youtube
DebaKLeTV
0
0
Comments
sign in to comment!
No comments posted yet!